 Seeded DCSS version 0.29-a0-555-g3b24f45cc1 (webtiles) character file.

Game seed: 5197682552777129174 (custom seed)

124 happo123 the Sneak (level 5, -17/29 HPs)
             Began as a Kobold Enchanter on June 7, 2022.
             Killed from afar by jujuben's ghost (24 damage)
             ... with a stone arrow
             ... on level 3 of the Dungeon.
             The game lasted 00:09:15 (3004 turns).

happo123 the Sneak (Kobold Enchanter)               Turns: 3004, Time: 00:09:16

Health: -17/29     AC:  5    Str:  5    XL:     5   Next: 30%
Magic:  9/9        EV: 16    Int: 18    God:
Gold:   176        SH:  0    Dex: 22    Spells: 4/9 levels left

rFire   . . .      SeeInvis .   t - +1 dagger (venom)
rCold   . . .      Faith    .   g - orb {guile}
rNeg    . . .      Spirit   .   b - +0 robe
rPois   .          Reflect  .   v - +0 helmet
rElec   .          Harm     .   (no cloak)
rCorr   .          Rampage  .   n - +0 pair of gloves
Will    .....                   w - +0 pair of boots
Stlth   ++++......              h - amulet of magic regeneration
HPRegen 0.09/turn               j - ring of flight
MPRegen 0.51/turn               q - +6 ring of dexterity

@: flying
A: small, no large weapons, nightstalker 3
a: no special abilities


You were on level 3 of the Dungeon.
You visited 1 branch of the dungeon, and saw 3 of its levels.

You collected 176 gold pieces.

Inventory:

Hand Weapons
 a - a +1 dagger
 t - a +1 dagger of venom (weapon)
Armour
 b - a +0 robe (worn)
 g - an orb of guile (worn)
 n - a +0 pair of gloves (worn)
 v - a +0 helmet (worn)
 w - a +0 pair of boots (worn)
Jewellery
 h - an amulet of magic regeneration (around neck)
 j - a ring of flight (left hand)
 q - a +6 ring of dexterity (right hand)
Scrolls
 d - 2 scrolls of teleportation {unknown}
 f - 6 scrolls of identify {unknown}
 i - a scroll of blinking {unknown}
 m - a scroll of enchant weapon {unknown}
 r - 2 scrolls of enchant armour {unknown}
 s - a scroll of vulnerability {unknown}
 x - a scroll of noise {unknown}
 y - a scroll of fog {unknown}
 A - a scroll of fear {unknown}
Potions
 c - 3 potions of invisibility
 e - a potion of flight {unknown}
 k - 2 potions of lignification {unknown}
 l - a potion of resistance {unknown}
 o - 2 potions of heal wounds {unknown}
 p - a potion of haste {unknown}
 u - a potion of curing {unknown}
 z - a potion of might {unknown}


   Skills:
 + Level 1.5 Fighting
 + Level 2.4 Short Blades
 + Level 3.1 Dodging
 + Level 4.7 Stealth
 + Level 2.7 Spellcasting
 * Level 3.8 Hexes
 + Level 1.0 Ice Magic


You had 4 spell levels left.
You knew the following spells:

 Your Spells              Type           Power      Damage    Failure   Level
a - Ensorcelled Hibernat  Hex/Ice        22%        N/A       10%         2
b - Confusing Touch       Hex            16%        N/A       11%         3

Your spell library contained the following spells:

 Spells                   Type           Power      Damage    Failure   Level
 Tukima's Dance           Hex            16%        N/A       11%         3
 Dazzling Flash           Conj/Hex       18%        N/A       22%         3


Dungeon Overview and Level Annotations

Branches:
Dungeon (3/15)

Altars:
Vehumet
Yredelemnul

Shops:
D:2 =

Annotations:
D:3 jujuben's ghost, amateur DEEE


Innate Abilities, Weirdness & Mutations

You are small and have problems with some larger weapons.
You are completely attuned to the shadows.


Message History

The spell is quite dangerous to miscast (11% risk of failure)!
Continue anyway?
Your hands begin to glow red.
Jujuben's ghost says, "I am smarter than you!"
Jujuben's ghost points at you and mumbles some strange words.
The stone arrow hits you!
Ouch! That really hurt!
You hit jujuben's ghost but do no damage.
Jujuben's ghost appears confused.
You hit jujuben's ghost.
Jujuben's ghost is lightly damaged.
Jujuben's ghost hits you.
You hit jujuben's ghost but do no damage.
Jujuben's ghost is lightly damaged.
Jujuben's ghost hits you.
* * * LOW HITPOINT WARNING * * *
You hit jujuben's ghost but do no damage.
Jujuben's ghost is lightly damaged.
You hit jujuben's ghost but do no damage.
Jujuben's ghost is lightly damaged.
Jujuben's ghost closely misses you.
You hit jujuben's ghost.
Jujuben's ghost is lightly damaged.
Jujuben's ghost barely misses you.
You hit jujuben's ghost but do no damage.
Jujuben's ghost is lightly damaged.
You hit jujuben's ghost but do no damage.
Jujuben's ghost is lightly damaged.
You hit jujuben's ghost.
Jujuben's ghost is moderately damaged.
Jujuben's ghost closely misses you.
Jujuben's ghost hits itself.
You strike the helpless jujuben's ghost from behind!
You puncture jujuben's ghost!
Jujuben's ghost is severely damaged.
Jujuben's ghost seems less confused.
You hit jujuben's ghost.
Jujuben's ghost is severely damaged.
Jujuben's ghost casts a spell at you. The stone arrow hits you!!
Ouch! That really hurt!
You die...

########.###.......[..♣ ♣.♣ ♣
.......#.# #...#.#....♣# #♣.♣# #♣
.......#####...#...#...♣♣♣...♣♣♣.
...............#...#.............
..........#....#...#.............
..........#....##'##...##.#######
.####.....#....#.≈.#...##..#.....
.#........#....#.W.##..##..#.####
.#........#....#@≈.#.......#.# #
##........#....#.≈.#.#..#..#.# #
#........#..#.#.?.#.......#.# #
#####.....#..#.#####.......#.####
..........#..#...#...............
......#####...............##.####
......# ###..##.########..##.#)..
......# #................>...#.##
......# ####.##.############.....


You could see jujuben's ghost.

Vanquished Creatures
  A scorpion zombie (D:3)
  Robin (D:3)
  3 adders
  2 worms (D:3)
  A dart slug (D:2)
  4 orcs (D:3)
  4 endoplasms
  A giant cockroach (D:1)
  9 goblins
  4 hobgoblins
  4 jackals (D:3)
  2 quokkas
  A ball python zombie (D:3)
  4 frilled lizards
  5 kobolds
  A quokka zombie (D:3)
  3 rats
50 creatures vanquished.

Notes
Turn   | Place    | Note
-------+----------+-------------------------------------------
     0 | D:1      | happo123 the Kobold Enchanter began the quest for the Orb.
     0 | D:1      | Reached XP level 1. HP: 10/10 MP: 3/3
   574 | D:1      | Reached XP level 2. HP: 16/16 MP: 5/5
   577 | D:1      | Learned a level 2 spell: Ensorcelled Hibernation
   925 | D:2      | Found Joajunuw's Jewellery Shoppe.
  1108 | D:2      | Reached XP level 3. HP: 19/20 MP: 3/6
  1112 | D:2      | Learned a level 3 spell: Confusing Touch
  1340 | D:2      | Reached skill level 1 in Fighting
  1807 | D:3      | Found a faded altar of an unknown god.
  1975 | D:3      | Reached XP level 4. HP: 25/25 MP: 2/7
  2002 | D:3      | Noticed Robin
  2036 | D:3      | Killed Robin
  2359 | D:3      | Found a radiant altar of Vehumet.
  2481 | D:3      | Reached skill level 1 in Ice Magic
  2481 | D:3      | Reached XP level 5. HP: 26/29 MP: 7/9
  2511 | D:3      | Found a basalt altar of Yredelemnul.
  2981 | D:3      | Found a runed translucent door.
  2987 | D:3      | Noticed jujuben's ghost (amateur DEEE)
  3004 | D:3      | Killed from afar by jujuben's ghost

Illustrated notes

Levels and vault maps discovered:
D:1:      dpeg_arrival_oval, layout_basic, chequers_serial_rivers_micro_c
D:2:      layout_basic, serial_shops,
          nicolae_shop_temple_entry_statues_fountains
D:3:      layout_basic, nicolae_vehumet_radiance,
          nicolae_yredelemnul_corpse_copse, ebering_ghost_reflecting_pool,
          dreamdust_ecumenical_altar_angels_and_demons,
          minmay_stone_trees_medium, uniq_robin

Skill      XL: |  1  2  3  4 |
---------------+-------------+-----
Short Blades   | 2 |  2.4
Fighting       | 1 |  1.5
Dodging        | 3 |  3.1
Ice Magic      | 1 |  1.0
Stealth        | |  4.7
Spellcasting   | |  2.7
Hexes          | |  3.8

Action                   |  1- 3 |  4- 6 || total
-------------------------+-------+-------++-------
Melee: Dagger            |    49 |    56 ||   105
 Cast: Ensorcelled Hiber |    13 |    17 ||    30
       Confusing Touch   |       |     2 ||     2
 Stab: Sleeping          |    21 |    18 ||    39
       Confused          |       |     3 ||     3
       Distracted        |       |     1 ||     1
Armor: Robe              |     8 |     2 ||    10
Dodge: Dodged            |    38 |    29 ||    67

Table legend: (Time is in decaauts)
 A = Elapsed time spent in this place.
 B = Non-inter-level travel time spent in this place.
 C = Inter-level travel time spent in this place.
 D = Time resting spent in this place.
 E = Time spent auto-exploring this place.
 F = Levels seen in this place.
 G = Mean time per level.
                   A        B        C        D        E       F      G
               +--------+--------+--------+--------+--------+-----+--------+
         Total |   2991 |   2837 |    154 |     24 |   2373 |   3 |  997.0 |
       Dungeon |   2991 |   2837 |    154 |     24 |   2373 |   3 |  997.0 |
               +--------+--------+--------+--------+--------+-----+--------+

Top non-repeatable levels by time:
     D:3: 1164 daAuts
     D:2: 1142 daAuts
     D:1: 684 daAuts
